 Dungeon Crawl Stone Soup version 0.28.0-53-g5a82cb258f (webtiles) character file.

Game seed: 5926937024734988001

34 shadowstone the Grave Robber (level 3, -1/17 HPs)
             Began as a Tengu Necromancer on June 5, 2022.
             Was a Follower of Hepliaklqana.
             Slain by an ufetubus (2 damage)
             ... on level 3 of the Dungeon.
             The game lasted 00:10:25 (2373 turns).

shadowstone the Grave Robber (Tengu Necromancer)    Turns: 2373, Time: 00:10:27

Health: -1/17      AC:  7    Str:  8    XL:     3   Next: 31%
Magic:  7/7        EV: 10    Int: 15    God:    Hepliaklqana [*.....]
Gold:   85         SH:  0    Dex: 19    Spells: 5/6 levels left

rFire   + . .      SeeInvis .   b - staff of earth
rCold   . . .      Faith    .   (no shield)
rNeg    . . .      Spirit   .   g - +0 ring mail
rPois   .          Reflect  .   (helmet restricted)
rElec   .          Harm     .   (no cloak)
rCorr   .          Rampage  .   k - +1 pair of gloves
Will    .....                   (boots unavailable)
Stlth   ++........              (no amulet)
HPRegen 0.05/turn               f - ring "Ketueku" {rF+ Dex+3}
MPRegen 0.10/turn               (no ring)

@: no status effects
A: reduced essence, beak, talons 3
a: Renounce Religion, Recall Ancestor, Ancestor Identity


You were on level 3 of the Dungeon.
You worshipped Hepliaklqana.
Hepliaklqana was aware of your devotion.
You visited 1 branch of the dungeon, and saw 3 of its levels.

You collected 85 gold pieces.

Inventory:

Missiles
 d - 3 curare-tipped darts
 e - 2 poisoned darts
Armour
 a - a +0 robe
 g - a +0 ring mail (worn)
 k - a +1 pair of gloves (worn)
Magical Staves
 b - a staff of earth (weapon)
Jewellery
 f - the ring "Ketueku" (left hand) {rF+ Dex+3}
   (You acquired it on level 2 of the Dungeon)

   [ring of protection from fire]

   Dex:       It affects your dexterity (+3).
   rF:        It protects you from fire.
Scrolls
 h - a scroll of identify {unknown}
Potions
 c - a potion of brilliance {unknown}
 i - a potion of curing {unknown}
 j - 2 potions of berserk rage {unknown}


   Skills:
 + Level 0.2 Fighting
 + Level 0.9 Staves
 + Level 0.3 Armour
 + Level 2.3 Dodging
 + Level 2.0 Stealth
 + Level 2.1 Spellcasting
 + Level 5.1 Necromancy


You had 5 spell levels left.
You knew the following spells:

 Your Spells              Type           Power      Damage    Failure   Level
a - Pain                  Necr           64%        1d7       9%          1

Your spell library contained the following spells:

 Spells                   Type           Power      Damage    Failure   Level
 Animate Skeleton         Necr           32%        N/A       9%          1
 Vampiric Draining        Necr           16%        2d7       26%         3
 Summon Small Mammal      Summ           4%         N/A       56%         1
 Animate Dead             Necr           8%         N/A       63%         4
 Call Canine Familiar     Summ           1%         N/A       90%         3
 Dazzling Flash           Conj/Hex       2%         N/A       90%         3
 Ozocubu's Armour         Ice            1%         N/A       90%         3
 Summon Guardian Golem    Hex/Summ       1%         N/A       90%         3
 Agony                    Necr           16%        N/A       93%         5
 Iskenderun's Mystic Bla  Conj/Tloc      1%         2d3       100%        4
 Starburst                Conj/Fire      0%         6d3       100%        6
 Ozocubu's Refrigeration  Ice            0%         4d5       100%        7


Dungeon Overview and Level Annotations

Branches:
Dungeon (3/15)

Altars:
Hepliaklqana


Innate Abilities, Weirdness & Mutations

Your life essence is reduced to manifest your ancestor. (-10% HP)
You have a beak for a mouth.
You have claws for feet.


Message History

The ufetubus hits you but does no damage.
The ufetubus closely misses you. x2; The ufetubus barely misses you.
You hit the ufetubus. Your kick misses the ufetubus.
Your peck misses the ufetubus.
The ufetubus is moderately wounded.
The ufetubus hits you but does no damage.
The ufetubus barely misses you.
You hit the ufetubus but do no damage. Your kick misses the ufetubus.
Your peck misses the ufetubus.
The ufetubus is moderately wounded.
The ufetubus hits you. The ufetubus closely misses you. The ufetubus hits you.
The ufetubus closely misses you.
You hit the ufetubus.
You claw the ufetubus, but do no damage.
The ufetubus is heavily wounded.
The ufetubus hits you. x2
* * * LOW HITPOINT WARNING * * *
The ufetubus hits you but does no damage.
The ufetubus closely misses you.
There are monsters nearby!
There are monsters nearby!
You swap places.
The ufetubus hits Taribatum. x2
Taribatum misses the ufetubus.
The ufetubus barely misses Taribatum.
The ufetubus closely misses Taribatum.
The hound skeleton bites Taribatum.
The ufetubus completely misses Taribatum.
The ufetubus barely misses Taribatum.
The hound skeleton misses Taribatum.
Taribatum closely misses the ufetubus.
The ufetubus hits Taribatum.
Taribatum is destroyed!
The ufetubus hits you.
* * * LOW HITPOINT WARNING * * *
The ufetubus hits you but does no damage.
You miss the ufetubus.
You peck the ufetubus, but do no damage.
The ufetubus hits you but does no damage.
The ufetubus hits you.
* * * LOW HITPOINT WARNING * * *
The ufetubus hits you.
You die...

### ...
...#####################
..............Z5@......#
...###########.######..#
##. #.# #. #.# .. #.# #.
#.# #. #.# .. #.# .# #.#
.#


You could see an ufetubus and a hound skeleton.

Vanquished Creatures
  2 worms
  3 ball pythons
  A bat (D:1)
  2 hobgoblins
  A kobold (D:2)
  A quokka (D:2)
  2 rats (D:1)
12 creatures vanquished.

Vanquished Creatures (collateral kills)
  A worm (D:2)
  3 dart slugs (D:2)
  A hobgoblin (D:1)
  A quokka (D:2)
  A rat (D:2)
7 creatures vanquished.

Vanquished Creatures (others)
  A kobold (D:2)
  2 ancestors
3 creatures vanquished.

Grand Total: 22 creatures vanquished

Notes
Turn   | Place    | Note
-------+----------+-------------------------------------------
     0 | D:1      | shadowstone the Tengu Necromancer began the quest for the
                  | Orb.
     0 | D:1      | Reached XP level 1. HP: 10/10 MP: 4/4
   522 | D:1      | Found a faded altar of an unknown god.
   971 | D:1      | Prayed at the altar of an unknown god.
   971 | D:1      | Became a worshipper of Hepliaklqana the Forgotten
   971 | D:1      | Reached * piety under Hepliaklqana
   980 | D:1      | Reached XP level 2. HP: 9/13 MP: 6/6
  1452 | D:2      | Reached XP level 3. HP: 3/17 MP: 7/7
  1845 | D:2      | Reached skill level 5 in Necromancy
  2050 | D:2      | Identified a scroll of acquirement
  2050 | D:2      | Acquired the ring "Ketueku" {rF+ Dex+3}
  2373 | D:3      | Slain by an ufetubus

Illustrated notes

Levels and vault maps discovered:
D:1:      nzn_arrival_crosshair, layout_basic, chequers_ecumenical_altar_island
D:2:      layout_basic
D:3:      layout_loops_ring, zin_angel, chequers_serial_rivers_small_3,
          kennysheep_generic_room_8

Skill      XL: |  1  2  3 |
---------------+----------+-----
Necromancy     | 5 |  5.1
Fighting       | |  0.2
Staves         | |  0.9
Armour         | |  0.3
Dodging        | |  2.3
Stealth        | |  2.0
Spellcasting   | |  2.1

Action                   || total
-------------------------++-------
Melee: Staff             ||    46
       Peck              ||    10
       Unarmed           ||     3
       Kick              ||    15
       Punch             ||     2
 Cast: Pain              ||     1
  Use: Scroll            ||     1
Armor: Robe              ||    12
       Ring mail         ||    21
Dodge: Dodged            ||    52
